 Dungeon Crawl Stone Soup version 0.24-a0-378-g94936e539c (webtiles) character file.

Game seed: 13896891193204234345

892 MTandi the Conjurer (level 7, -1/36 HPs)
             Began as a Deep Elf Conjurer on June 2, 2019.
             Slain by Pikel
             ... wielding a +1 whip of electrocution
              (16 damage)
             ... on level 4 of the Dungeon.
             The game lasted 00:24:03 (4005 turns).

MTandi the Conjurer (Deep Elf Conjurer)             Turns: 4005, Time: 00:24:04

Health: -1/36      AC:  9    Str:  6 (7)  XL:     7   Next: 78%
Magic:  4/18       EV: 12    Int: 19 (20) God:
Gold:   9          SH:  0    Dex: 14 (15) Spells: 9/18 levels left

rFire    . . .     SeeInvis +   b - +4 flail (protect)
rCold    . . .     Gourm    .   (no shield)
rNeg     . . .     Faith    .   x - +3 leather armour
rPois    .         Spirit   .   (no helmet)
rElec    .         Reflect  .   (no cloak)
rCorr    .         Harm     .   (no gloves)
MR       .....                  m - +2 pair of boots
Stlth    ++........             (no amulet)
HPRegen  0.12/turn              u - ring of see invisible
MPRegen  0.16/turn              (no ring)

@: studying Stealth
A: no striking features
a: no special abilities


You were on level 4 of the Dungeon.
You were not hungry.

You visited 1 branch of the dungeon, and saw 5 of its levels.

You collected 174 gold pieces.
You spent 165 gold pieces at shops.

Inventory:

Hand Weapons
 b - a +4 flail of protection (weapon)
 d - a +4 scythe
 g - a cursed -2 dagger
Missiles
 e - 13 javelins (quivered)
Armour
 m - a +2 pair of boots (worn)
 s - a +0 large shield
 x - a +3 leather armour (worn)
Jewellery
 p - an uncursed ring of ice
 u - a ring of see invisible (left hand)
Scrolls
 f - 2 scrolls of teleportation {unknown}
 h - 3 scrolls of remove curse
 j - 3 scrolls of enchant weapon {unknown}
 k - 5 scrolls of identify {unknown}
 l - a scroll of blinking {unknown}
 n - a scroll of random uselessness {unknown}
 t - a scroll of immolation {unknown}
 v - a scroll of fog {unknown}
Potions
 r - a potion of flight
Books
 z - a manual of Stealth
Comestibles
 c - 4 rations
 w - 3 chunks of flesh


   Skills:
 - Level 2.4 Dodging
 - Level 2.4 Stealth
 + Level 6.4 Spellcasting
 - Level 7.9 Conjurations
 + Level 6.1 Hexes
 + Level 0.1 Summonings


You had 9 spell levels left.
You knew the following spells:

 Your Spells              Type           Power        Failure   Level  Hunger
a - Magic Dart            Conj           ####         1%          1    None
b - Searing Ray           Conj           #####.       1%          2    None
c - Dazzling Spray        Conj/Hex       ####..       2%          3    ##.....
d - Summon Guardian Gole  Hex/Summ       ###.....     14%         3    ##.....

Your spell library contained the following spells:

 Spells                   Type           Power        Failure   Level  Hunger
 Iskenderun's Mystic Bla  Conj           #####...     6%          4    ####...
 Fulminant Prism          Conj/Hex       ####......   9%          4    ####...
 Summon Small Mammal      Summ           #...         16%         1    None
 Beastly Appendage        Tmut           #.....       17%         1    None
 Call Imp                 Summ           #.......     24%         2    None
 Sticks to Snakes         Tmut           #.......     26%         2    None
 Force Lance              Conj/Tloc      ###.....     32%         4    ####...
 Call Canine Familiar     Summ           #.......     43%         3    ##.....
 Spider Form              Tmut/Pois      #.........   45%         3    ##.....
 Ice Form                 Ice/Tmut       #.......     86%         4    ####...
 Summon Ice Beast         Ice/Summ       #.......     86%         4    ####...
 Summon Lightning Spire   Summ/Air       #.......     86%         4    ####...
 Blade Hands              Tmut           #.........   99%         5    #####..


Dungeon Overview and Level Annotations

Branches:
Dungeon (5/15)
 Temple: D:4-7

Altars:
Cheibriados
Dithmenos
Gozag
Nemelex Xobeh

Shops:
D:4 =

Annotations:
D:4 Pikel
D:5 Blork the orc


Message History

The slave closely misses you.
Pikel says, "Slavery isn't that bad."
It was a potion of degeneration.
There was something very wrong with that liquid.
You feel weakened.
You feel dopey.
You feel clumsy.
Casting: Searing Ray (safe; 1% risk of failure)
Confirm with . or Enter, or press ? or * to list all spells.
Aiming: Searing Ray (safe; 1% risk of failure)
Press: ? - help, Shift-Dir - straight line, p - slave The searing ray misses Pikel.
The searing ray misses the slave. (Press . to maintain the ray.) Pikel hits you with a +1 whip of electrocution.
The searing ray misses Pikel.
The searing ray hits the slave.
The slave is severely wounded.
Pikel completely misses you.
The searing ray misses Pikel.
The searing ray hits the slave!
The slave is almost dead.
Pikel hits you with a +1 whip of electrocution.
You are electrocuted!
You die...

.##.......##.##
.#.........#..#
.......#...##.#
...........##.#
#..#.....)###.#
....##...####.#
.....#######..#
..#....####..######
..##.........ppK@.#
..##..#......p###'###
#..#..####...##.....##
......##...p##...⌠...##
..#....#..p.#.........#
..##........#.8._._.8.#
#.####...##p#.........#
..###....#.p##...⌠...#####
.........#...##.....###..###


You could see Pikel and 3 slaves.

Vanquished Creatures
  Sigmund (D:5)
  Edmund (D:5)
  A necrophage (D:4)
  2 ogres (D:4)
  A big kobold (D:4)
  2 scorpions
  A gnoll shaman (D:4)
  An iguana (D:5)
  A gnoll (D:1)
  4 adders
  An ooze (D:2)
  2 worms (D:2)
  2 dart slugs
  A leopard gecko (D:4)
  An orc (D:3)
  7 bats
  4 giant cockroaches
  7 goblins
  9 hobgoblins
  8 jackals
  5 kobolds
  3 quokkas
  4 frilled lizards
  2 leopard gecko skeletons (D:4)
  6 rats
77 creatures vanquished.

Notes
Turn   | Place    | Note
-------+----------+-------------------------------------------
     0 | D:1      | MTandi the Deep Elf Conjurer began the quest for the Orb.
     0 | D:1      | Reached XP level 1. HP: 10/10 MP: 6/6
   204 | D:1      | Reached XP level 2. HP: 15/15 MP: 6/8
   208 | D:1      | Learned a level 2 spell: Searing Ray
   320 | D:1      | Reached skill level 5 in Conjurations
   529 | D:1      | Reached XP level 3. HP: 19/19 MP: 7/9
   975 | D:1      | Learned a level 3 spell: Dazzling Spray
  1289 | D:2      | Reached skill level 6 in Conjurations
  1327 | D:2      | Found a shadowy altar of Dithmenos.
  1327 | D:2      | Found a snail-covered altar of Cheibriados.
  1334 | D:2      | Reached skill level 1 in Hexes
  1434 | D:2      | Reached XP level 4. HP: 24/24 MP: 5/10
  2383 | D:4      | Noticed a necrophage
  2402 | D:4      | Noticed a slave
  2402 | D:4      | Noticed a slave
  2438 | D:4      | Noticed an ogre
  2497 | D:4      | Found an opulent altar of Gozag.
  2497 | D:4      | Found a sparkling altar of Nemelex Xobeh.
  2518 | D:4      | Noticed a necrophage
  2518 | D:4      | Noticed an ogre
  2549 | D:5      | Entered Level 5 of the Dungeon
  2554 | D:5      | Noticed Edmund
  2597 | D:5      | Noticed Sigmund
  2602 | D:5      | Noticed Blork the orc
  2609 | D:5      | Noticed a two-headed ogre
  2645 | D:5      | HP: 1/24 [iguana (10)]
  2649 | D:5      | Reached XP level 5. HP: 1/28 MP: 4/11
  3326 | D:5      | Killed Edmund
  3326 | D:5      | Reached XP level 6. HP: 27/32 MP: 0/14
  3373 | D:5      | Killed Sigmund
  3373 | D:5      | Reached skill level 5 in Spellcasting
  3373 | D:5      | Reached skill level 7 in Conjurations
  3492 | D:4      | Reached skill level 5 in Hexes
  3492 | D:4      | Reached XP level 7. HP: 24/36 MP: 10/17
  3766 | D:4      | Found Hyehaq's Jewellery Shop.
  3769 | D:4      | Bought an uncursed ring of see invisible for 165 gold
                  | pieces
  3918 | D:4      | Learned a level 3 spell: Summon Guardian Golem
  3925 | D:4      | Noticed Pikel
  4005 | D:4      | Slain by Pikel

Levels and vault maps discovered:
D:1:      scummos_arrival_simple_crosswalls, layout_basic
D:2:      layout_basic, grunt_temple_overflow_open, first_ration
D:3:      layout_rooms, serial_forest, infiniplex_forest_join,
          infiniplex_forest_straight_1, infiniplex_forest_clump_medium,
          infiniplex_forest_straight_3, infiniplex_forest_join,
          infiniplex_forest_lined_2, infiniplex_forest_lined_corner,
          infiniplex_forest_lined_corner, infiniplex_forest_clump_double,
          kennysheep_cross_bottleneck
D:4:      layout_cave_pools, grunt_temple_overflow_opulence,
          minmay_temple_entry_nine_rooms, serial_column_ruins,
          column_ruins_hut_ruined, column_ruins_open_small,
          column_ruins_columns_straight, column_ruins_grid_3,
          column_ruins_corridor_corner, column_ruins_open_tiny, serial_shops,
          kennysheep_mini_moat, minmay_manual_moon, uniq_pikel
D:5:      layout_basic, roderic_lattice_a, uniq_edmund, uniq_blork_the_orc,
          uniq_sigmund

Skill      XL: |  1  2  3  4  5  6  7 |
---------------+----------------------+-----
Conjurations   | 5 6 7 |  7.9
Hexes          | 1 2 4 5 6 |  6.1
Spellcasting   | 4 5 6 |  6.4
Dodging        | |  2.4
Stealth        | |  2.4
Summonings     | |  0.1

Action                   |  1- 3 |  4- 6 |  7- 9 || total
-------------------------+-------+-------+-------++-------
Melee: Spear             |     7 |       |       ||     7
       Halberd           |     9 |    24 |       ||    33
       Flail             |       |    13 |    11 ||    24
Throw: Javelin           |     3 |       |       ||     3
 Cast: Magic Dart        |    59 |    45 |    30 ||   134
       Searing Ray       |     2 |     8 |     6 ||    16
       Summon Guardian G |       |       |     4 ||     4
  Use: Scroll            |     1 |       |       ||     1
       Potion            |       |     9 |     3 ||    12
  Eat: Chunk             |     2 |     2 |       ||     4
       Ration            |       |     1 |     1 ||     2
Armor: Robe              |     6 |     2 |       ||     8
       Leather armour    |       |     9 |    12 ||    21
Dodge: Dodged            |    24 |    40 |    26 ||    90

Table legend:
 A = Non-vault XP
 B = Vault XP
 C = Vault XP percentage of total XP
 D = Non-vault monster count
 E = Vault monster count
 F = Vault count percentage of total count
                 A         B        C        D         E       F
            +---------+---------+-------+---------+---------+-------
      Total |     528 |     747 |  58.6 |      71 |       6 |   7.8
            +---------+---------+-------+---------+---------+-------
        D:1 |      47 |       0 |   0.0 |      20 |       0 |   0.0
        D:2 |      72 |       0 |   0.0 |      22 |       0 |   0.0
        D:3 |      46 |       0 |   0.0 |      17 |       0 |   0.0
        D:4 |     253 |     343 |  57.6 |      10 |       4 |  28.6
        D:5 |     110 |     404 |  78.6 |       2 |       2 |  50.0
            +---------+---------+-------+---------+---------+-------
